 Dungeon Crawl Stone Soup version 0.28-a0-834-g1a73be5ee4 (webtiles) character file.

Game seed: 785311109677932209

60 vurker the Gusty (level 3, 15/15 HPs)
             Began as a Felid Air Elementalist on Nov 11, 2021.
             Quit the game on level 5 of the Dungeon.
             The game lasted 00:04:50 (4384 turns).

vurker the Gusty (Felid Air Elementalist)           Turns: 4384, Time: 00:04:50

Health: 15/15      AC:  5    Str:  4    XL:     3   Next: 82%
Magic:  8/8        EV: 17    Int: 17    God:
Gold:   126        SH:  0    Dex: 16    Spells: 7/8 levels left
                                        Lives:  0   Deaths: 1

rFire   . . .      SeeInvis +   (weapon unavailable)
rCold   . . .      Faith    .   (shield unavailable)
rNeg    . . .      Spirit   .   (armour unavailable)
rPois   .          Reflect  .   (helmet unavailable)
rElec   .          Harm     .   (cloak unavailable)
rCorr   .          Rampage  .   (gloves unavailable)
Will    .....                   (boots unavailable)
Stlth   ++........              (no amulet)
HPRegen 0.05/turn               j - +4 ring of protection
MPRegen 0.11/turn               (no ring)

@: quick
A: very small, claws 1, fangs 3, see invisible, speed 1, shaggy fur 1, stealthy
paws, no weapons or thrown items, no armour, multi-lived
a: no special abilities


You were on level 5 of the Dungeon.
You visited 1 branch of the dungeon, and saw 5 of its levels.

You collected 126 gold pieces.

Inventory:

Jewellery
 j - a +4 ring of protection (left paw)
   (You found it on level 2 of the Dungeon)
 o - a +6 ring of dexterity
   (You found it on level 5 of the Dungeon)
Scrolls
 d - 2 scrolls of identify {unknown}
 f - 4 scrolls of immolation {unknown}
 k - 2 scrolls of amnesia {unknown}
 l - a scroll of silence {unknown}
 m - 2 scrolls of brand weapon {unknown}
Potions
 a - 2 potions of heal wounds
 b - 2 potions of curing {unknown}
 c - 2 potions of magic {unknown}
 e - 2 potions of haste {unknown}
 g - 2 potions of cancellation {unknown}
 h - 2 potions of lignification {unknown}
 i - a potion of ambrosia {unknown}
 n - a potion of brilliance {unknown}


   Skills:
 + Level 1.5 Fighting
 - Level 2.6 Dodging
 - Level 2.6 Stealth
 * Level 3.1 Spellcasting
 + Level 1.8 Conjurations
 * Level 3.6 Air Magic


You had 7 spell levels left.
You knew the following spells:

 Your Spells              Type           Power      Damage    Failure   Level
a - Shock                 Conj/Air       48%        1d6       5%          1

Your spell library contained the following spells:

 Spells                   Type           Power      Damage    Failure   Level
 Static Discharge         Conj/Air       12%        N/A       9%          2
 Swiftness                Air            15%        N/A       12%         3
 Slow                     Hex            8%         N/A       17%         1
 Airstrike                Air            7%         N/A       36%         4
 Confusing Touch          Hex            2%         N/A       45%         3
 Vampiric Draining        Necr           2%         2d6       45%         3
 Dispersal                Tloc           1%         N/A       100%        6
 Disjunction              Tloc           1%         N/A       100%        8


Dungeon Overview and Level Annotations

Branches:
Dungeon (5/15)
 Temple: D:4-7

Altars:
Hepliaklqana
Makhleb
Sif Muna

Shops:
D:3 !

Annotations:
D:4 Dowan, Duvessa
D:5 Grinder


Innate Abilities, Weirdness & Mutations

You have sharp claws.
You have razor-sharp teeth.
You have supernaturally acute eyesight. (SInv)
You cover ground quickly. (Speed+)
You are covered in fur. (AC +1)
Your paws help you pounce on unaware monsters.
You are incapable of wielding weapons or throwing items.
You cannot wear armour.
You gain extra lives every three experience levels.


Message History

There is a stone staircase leading up here.
There is a stone staircase leading down here.
You climb downwards.
Level annotation: Dowan, Duvessa
There is a stone staircase leading up here.
Dowan shouts!
There is an open door here.
You see here a +0 leather armour.
There is an open door here.
There is a stone staircase leading down here.
You climb downwards.
Level annotation: Grinder The lemure misses you.
The lemure barely misses you.
There is a stone staircase leading up here.
Found 14 gold pieces.
Grinder shouts!
Grinder gestures at you. You resist with some effort.
Found an opal ring.
You see here a +6 ring of dexterity.
o - a +6 ring of dexterity Grinder blinks!
Grinder completely misses you.
The zap hits Grinder. x2
The zap hits the lemure. x2
Grinder gestures at you. Pain shoots through your body!
The zap hits the lemure.
The zap misses the lemure.
Grinder barely misses you. The lemure hits you!
* * * LOW HITPOINT WARNING * * *
The zap hits the lemure.
The zap misses the lemure.
The lemure hits you but does no damage.
The zap hits the lemure.
The zap hits the lemure but does no damage.
The lemure barely misses you.
Grinder says, "My boss said I was rubbish.
His entrails said otherwise."
You miscast Shock.
You are very lightly contaminated with residual magic.
Nothing appears to happen.
The lemure misses you.
Unknown command.
The zap misses the lemure.
The zap hits the lemure.
The lemure completely misses you.
The zap misses the lemure. x2; The lemure closely misses you.
The zap hits the lemure.
The zap misses the lemure.
The lemure hits you.
You die...
You are now level 3!
You rejoin the land of the living...
Found a hunting sling.
Found a stone staircase leading up and a stone staircase leading down.
Unknown command.

## . ### ###
#.#.. #..
#.#.###
#####.##
#.....#
#...#.#. #<.@#
#.#.#.#.
.......).....>.
#.#.#...
###.#...#.###.#
#....... #
#####...
###.####
######### #.#
.......# #.#
#...#.# #.#
#..##5# #.#
#..<#.# ###ยง#


There were no monsters in sight!

Vanquished Creatures
  4 gnolls (D:3)
  3 adders (D:2)
  4 dart slugs
  4 endoplasms
  A giant cockroach (D:4)
  2 goblins
  3 hobgoblins
  7 jackals
  7 kobolds
  2 quokkas
  A ball python (D:1)
  6 bats
  2 frilled lizards
  4 rats
50 creatures vanquished.

Notes
Turn   | Place    | Note
-------+----------+-------------------------------------------
     0 | D:1      | vurker the Felid Air Elementalist began the quest for the
                  | Orb.
     0 | D:1      | Reached XP level 1. HP: 7/7 MP: 4/4
    93 | D:1      | Reached skill level 1 in Conjurations
   312 | D:1      | Reached XP level 2. HP: 12/12 MP: 0/6
   512 | D:1      | Found a faded altar of an unknown god.
  1171 | D:2      | Reached XP level 3. HP: 11/15 MP: 2/7
  1311 | D:2      | Reached skill level 1 in Fighting
  2269 | D:2      | Reached XP level 4. HP: 19/19 MP: 6/9
  2654 | D:3      | Found a shimmering blue altar of Sif Muna.
  2750 | D:3      | Found Duem's Distillery.
  2921 | D:3      | Found a burning altar of Makhleb.
  2921 | D:3      | Found a hazy altar of Hepliaklqana.
  3828 | D:4      | Noticed a centaur
  4059 | D:4      | Noticed Dowan
  4059 | D:4      | Noticed Duvessa
  4200 | D:5      | Entered Level 5 of the Dungeon
  4202 | D:5      | Noticed an ice beast
  4212 | D:5      | Noticed a lemure
  4219 | D:5      | Noticed Grinder
  4383 | D:5      | Slain by a lemure
  4384 | D:5      | Reached XP level 3. HP: -1/15 MP: 1/8
  4384 | D:5      | Quit the game

Illustrated notes

Levels and vault maps discovered:
D:1:      lemuel_arrival_muddy, layout_loops_ring,
          shapermc_ecumenical_altar_venn
D:2:      layout_basic, minmay_door_square, chequers_serial_rivers_large_a
D:3:      layout_loops_ring, mainiacjoe_overflow_small_starburst,
          gammafunk_temple_overflow_elements, serial_shops,
          nicolae_diamond_shop, serial_bayou_pond_d
D:4:      layout_gridville, uniq_duvessa
D:5:      layout_basic, kennysheep_ying_yang, uniq_crazy_yiuf_cottage,
          uniq_blork_the_orc, uniq_menkaure, uniq_pikel, uniq_grinder

Skill      XL: |  1  2  3  4 |
---------------+-------------+-----
Conjurations   | 1 |  1.8
Air Magic      | 3 |  3.6
Fighting       | 1 |  1.5
Spellcasting   | 3 |  3.1
Dodging        | |  2.6
Stealth        | |  2.6

Action                   |  1- 3 |  4- 6 || total
-------------------------+-------+-------++-------
Melee: Unarmed           |     6 |       ||     6
 Cast: Shock             |    84 |    62 ||   146
  Use: Potion            |     1 |       ||     1
Armor: Skin              |     1 |     2 ||     3
Dodge: Dodged            |    33 |    11 ||    44

Table legend: (Time is in decaauts)
 A = Elapsed time spent in this place.
 B = Non-inter-level travel time spent in this place.
 C = Inter-level travel time spent in this place.
 D = Time resting spent in this place.
 E = Time spent auto-exploring this place.
 F = Levels seen in this place.
 G = Mean time per level.
                   A        B        C        D        E       F      G
               +--------+--------+--------+--------+--------+-----+--------+
         Total |   3885 |   3731 |    154 |     47 |   3191 |   5 |  777.0 |
       Dungeon |   3885 |   3731 |    154 |     47 |   3191 |   5 |  777.0 |
               +--------+--------+--------+--------+--------+-----+--------+

Top non-repeatable levels by time:
     D:2: 1353 daAuts
     D:1: 1010 daAuts
     D:3: 1002 daAuts
     D:4: 469 daAuts
     D:5: 49 daAuts
